 Dungeon Crawl Stone Soup version bcrawl-1.37.2 (webtiles) character file.

Game seed: 12235225904126364161

286988 Morbidden the Cutter (level 9, 0/71 HPs)
             Began as a Demigod Archaeologist on Dec 30, 2022.
             Engulfed by a steam dragon's steam (4 damage)
             ... on level 7 of the Dungeon.
             The game lasted 00:09:28 (6248 turns).

Morbidden the Cutter (Demigod Archaeologist)        Turns: 6248, Time: 00:09:29

Health: 0/71       AC: 12    Str: 19    XL:     9   Next: 38%
Magic:  16/16      EV:  8    Int: 20    God:    Demigod [***...]
Gold:   553        SH:  5    Dex: 15    Spells: 14/14 levels left

rFire    . . .     GDR:     30% a - +4 quick blade (pierce)
rCold    . . .     SeeInvis .   h - +0 buckler
rNeg     . . .     Gourm    .   I - +0 chain mail
rPois    .         Faith    .   d - +1 hat
rElec    .         Spirit   .   (no cloak)
rCorr    .         Reflect  .   (no gloves)
MR       .....                  o - +1 pair of boots
Stlth    ..........             m - amulet of regeneration
HPRegen  0.69/turn              w - ring of flight
MPRegen  0.15/turn              j - ring of wizardry

@: studying Maces & Flails
A: high mp 1
a: Temporal Distortion, Growth, Major Destruction, Evoke Flight


You were on level 7 of the Dungeon.
You worshipped Demigod.
Demigod was most pleased with you.
You were hungry.

You visited 2 branches of the dungeon, and saw 8 of its levels.
You also visited: Ossuary.

You collected 553 gold pieces.

Inventory:

Hand Weapons
 a - a +4 quick blade of piercing (weapon)
 b - a +0 blowgun
Missiles
 f - 6 curare-tipped needles
 r - 134 javelins (quivered)
 x - 81 poisoned needles
Armour
 c - a cursed +0 pair of gloves
 d - a +1 hat (worn)
 h - a +0 buckler (worn)
 o - a +1 pair of boots (worn)
 I - a +0 chain mail (worn)
Jewellery
 j - a ring of wizardry (right hand)
 m - an amulet of regeneration (around neck)
 w - a ring of flight (left hand)
 M - an uncursed ring of resist corrosion {unknown}
Wands
 H - a wand of acid (10)
 K - a wand of paralysis (3)
 L - a wand of flame (21)
Scrolls
 g - a scroll of magic mapping
 i - 5 scrolls of identify
 k - 4 scrolls of teleportation
 l - 3 scrolls of fear
 q - 3 scrolls of enchant armour
 t - 2 scrolls of remove curse
 y - a scroll of blinking {unknown}
 B - a scroll of brand weapon {unknown}
 F - a scroll of fog {unknown}
 J - a scroll of immolation {unknown}
Potions
 n - 2 potions of flight {unknown}
 p - 3 potions of magic {unknown}
 s - 3 potions of curing {unknown}
 u - 4 potions of haste {unknown}
 v - 3 potions of heal wounds
 z - a potion of agility
 A - a potion of ambrosia {unknown}
 C - 4 potions of degeneration {unknown}
 D - 2 potions of berserk rage {unknown}
 E - a potion of lignification {unknown}
 G - a potion of cancellation {unknown}
Comestibles
 e - 8 rations {!d}


   Skills:
 * Level 3.9 Fighting
 * Level 6.8 Short Blades
   Level 1.3 Maces & Flails
 * Level 3.3 Throwing
 * Level 4.2 Armour
 + Level 3.9 Dodging
 + Level 3.7 Stealth
 + Level 1.5 Shields
 * Level 3.0 Spellcasting
 * Level 4.3 Invocations


You had 14 spell levels left.
You didn't know any spells.
Your spell library was empty.

Dungeon Overview and Level Annotations

Branches:
Dungeon (7/12)             Temple (1/1) D:4
   Lair: D:7-9

Shops:
D:4 ?

Annotations:
D:3 1 runed translucent door, foxfromabyss's ghost, amateur MiAc
D:5 1 runed door


Innate Abilities, Weirdness & Mutations

You have an increased reservoir of magic. (+10% MP)


Message History

The ball of steam hits the orc!!
The orc dies!
The ball of steam hits you!
* * * LOW HITPOINT WARNING * * *
You hear a bark!
You are engulfed in a cloud of scalding steam.
You hear a grinding noise.
You hear a grinding noise.
The worker ant is engulfed in a cloud of scalding steam.
The worker ant is engulfed in a cloud of scalding steam.
The worker ant dies!
No path to travel!
The steam dragon breathes steam at you. The ball of steam hits you!
* * * LOW HITPOINT WARNING * * *
You hear a bark!
There is a stone staircase leading up here.
You are engulfed in a cloud of scalding steam.
You die...
Your divinity fades.

##..........
#...........
##............
#........^.....
#..§...........!
##..§...........#
#..§.§........$. .
#.....@aFo.....# ..
##......§......$#...
#........D.....#....
#........o.o........
##.....###§)..†#....
#####........).#
#.....####.#..#
....##### ## ..# ..#
..#


You could see a steam dragon, a bullfrog, a worker ant, an orc wizard, an orc
priest and an orc.

Vanquished Creatures
  Joseph (D:7)
  Grinder (D:4)
  A hippogriff (D:5)
  A vampire (D:6)
  An ice beast (D:5)
  2 sky beasts
  A phantom (D:4)
  4 ogres
  2 bullfrogs (D:6)
  4 centaurs (D:5)
  A scorpion (D:4)
  An orc priest (D:5)
  3 crimson imps (D:6)
  A hound (D:5)
  4 orc wizards
  5 worker ants
  A hound zombie (D:5)
  8 mummies (Ossuary)
  A worker ant zombie (D:5)
  A howler monkey zombie (D:5)
  4 gnolls (D:2)
  3 adders
  A howler monkey skeleton (D:4)
  A shadow imp (D:6)
  An ooze (D:3)
  An adder skeleton (D:5)
  2 adder zombies
  3 worms
  2 dart slugs
  2 leopard geckos (D:1)
  20 orcs
  6 bats
  A giant cockroach (D:1)
  11 hobgoblins
  13 jackals
  3 kobolds
  3 quokkas
  2 frilled lizards
  A gnoll zombie (Ossuary)
  8 goblins
  A hobgoblin zombie (Ossuary)
  5 kobold zombies
  2 orc zombies (Ossuary)
  6 rats
146 creatures vanquished.

Vanquished Creatures (others)
  A worker ant (D:7)
  2 orcs (D:7)
3 creatures vanquished.

Grand Total: 149 creatures vanquished

Notes
Turn   | Place    | Note
-------+----------+-------------------------------------------
     0 | D:1      | Morbidden the Demigod Archaeologist began the quest for the
                  | Orb.
     0 | D:1      | Reached XP level 1. HP: 15/15 MP: 3/3
   197 | D:1      | Reached skill level 1 in Maces & Flails
   201 | D:1      | Reached skill level 1 in Fighting
   251 | D:1      | Reached XP level 2. HP: 23/23 MP: 4/4
   957 | D:2      | Reached XP level 3. HP: 28/28 MP: 4/6
   993 | D:2      | Reached skill level 1 in Invocations
  1187 | D:2      | Reached * piety under Demigod
  1243 | D:2      | Found a burning altar of Makhleb.
  1250 | D:2      | Found a radiant altar of Vehumet.
  1309 | D:2      | Reached XP level 4. HP: 29/35 MP: 7/7
  2118 | D:2      | Found a shimmering blue altar of Sif Muna.
  2153 | D:3      | Reached skill level 1 in Armour
  2201 | D:3      | Reached skill level 1 in Short Blades
  2384 | D:3      | Reached skill level 1 in Spellcasting
  2421 | D:3      | Noticed foxfromabyss's ghost (amateur MiAc)
  2423 | D:3      | Found a runed translucent door.
  2969 | D:4      | Reached skill level 1 in Throwing
  3003 | D:4      | Reached XP level 5. HP: 13/40 MP: 9/9
  3003 | D:4      | Identified a scroll of acquirement
  3067 | D:4      | Found a sand-covered staircase.
  3067 | D:4      | Noticed an ogre
  3082 | D:4      | Killed an ogre
  3096 | Ossuary  | Entered an ossuary
  3144 | Ossuary  | Reached skill level 2 in Short Blades
  3151 | Ossuary  | Reached XP level 6. HP: 31/48 MP: 10/10
  3182 | Ossuary  | Reached ** piety under Demigod
  3481 | D:4      | Found Kukyb's Magic Scroll Shoppe.
  3548 | D:4      | Reached skill level 3 in Short Blades
  3576 | D:4      | Reached XP level 7. HP: 56/56 MP: 12/12
  4008 | D:4      | Found a staircase to the Ecumenical Temple.
  4240 | D:4      | Noticed Grinder
  4250 | D:4      | Killed Grinder
  4251 | D:4      | Reached skill level 4 in Short Blades
  4379 | Temple   | Entered the Ecumenical Temple
  4402 | D:5      | Entered Level 5 of the Dungeon
  4560 | D:5      | Reached XP level 8. HP: 36/62 MP: 14/14
  4590 | D:5      | Reached skill level 5 in Short Blades
  4674 | D:5      | Noticed a hippogriff
  4726 | D:5      | Killed a hippogriff
  4727 | D:5      | Reached skill level 1 in Shields
  4903 | D:5      | Found a runed door.
  5038 | D:5      | Reached *** piety under Demigod
  5432 | D:6      | Found a hazy altar of Hepliaklqana.
  5453 | D:6      | Found a corrupted altar of Lugonu.
  5540 | D:6      | Reached skill level 6 in Short Blades
  5610 | D:6      | Reached XP level 9. HP: 55/71 MP: 16/16
  6084 | D:6      | Found a shattered altar of Ashenzari.
  6205 | D:7      | Noticed Joseph
  6231 | D:7      | Killed Joseph
  6248 | D:7      | Engulfed by a steam dragon's steam

Skill      XL: |  1  2  3  4  5  6  7  8  9 |
---------------+----------------------------+-----
Maces & Flails | 1 |  1.3
Fighting       | 1 2 3 |  3.9
Invocations    | 1 2 3 4 |  4.3
Dodging        | 3 |  3.9
Armour         | 1 2 3 4 |  4.2
Short Blades   | 1 2 3 4 6 |  6.8
Spellcasting   | 1 2 3 |  3.0
Throwing       | 1 2 3 |  3.3
Shields        | 1 |  1.5
Stealth        | |  3.7

Action                   |  1- 3 |  4- 6 |  7- 9 || total
-------------------------+-------+-------+-------++-------
Melee: Whip              |    92 |       |       ||    92
       Dagger            |    51 |   202 |       ||   253
       Quick blade       |       |   132 |   303 ||   435
Throw: Javelin           |    12 |    14 |       ||    26
  Use: Scroll            |     1 |     9 |     1 ||    11
 Stab: Sleeping          |     7 |     4 |       ||    11
  Eat: Chunk             |     5 |    14 |    12 ||    31
Armor: Robe              |    60 |    87 |     5 ||   152
       Chain mail        |       |       |    89 ||    89
Dodge: Dodged            |   117 |   194 |    71 ||   382
Block: Buckler           |       |    19 |    34 ||    53
